 Dungeon Sprint DCSS version 0.30-a0-691-g754fce4c43 (webtiles) character file.

Game seed: 1098347151466976562

523 rocky1 the Cleaver (level 10, -2/94 HPs)
             Began as a Minotaur Fighter on Jan 19, 2023.
             Was a Priest of Okawaru.
             Slain by a phantasmal warrior (16 damage)
             ... in the Dungeon (Sprint VI: "Thunderdome").
             The game lasted 00:09:38 (849 turns).

rocky1 the Cleaver (Minotaur Fighter)                Turns: 849, Time: 00:09:39

Health: -2/94      AC: 13    Str: 32    XL:     10   Next: 0%
Magic:  23/23      EV: 11    Int:  6    God:    Okawaru [***...]
Gold:   310        SH:  6    Dex:  6    Spells: 9/9 levels left

rFire   . . .      SeeInvis .    o - +0 broad axe (flame)
rCold   + + +      Faith    .    c - +0 buckler
rNeg    + . .      Spirit   .    b - +0 scale mail
rPois   +          Reflect  .    (helmet restricted)
rElec   .          Harm     .    (no cloak)
rCorr   .          Rampage  +    (no gloves)
Will    .....      NoTele   +    (no boots)
Stlth   +                        q - amulet of the Castellan {Acrobat Rampage rPois rC+++ Int-3}
HPRegen 0.35/turn                r - ring "Keyfe" {rN+ AC+4 Int+4}
MPRegen 0.18/turn                p - ring "Beyreq" {MP+9 Str+6 Dex-3 Slay+5 Stlth+}

@: weak-willed, studying Shields
A: horns 2, retaliatory headbutt
}: 1/15 runes: serpentine
a: Renounce Religion, Heroism


You were in the Dungeon.
You worshipped Okawaru.
Okawaru was most pleased with you.
You visited 1 branch You collected 850 gold pieces.
You spent 540 gold pieces at shops.

Inventory:

Hand Weapons
 a - a +0 war axe
 o - a +0 broad axe of flaming (weapon)
Armour
 b - a +0 scale mail (worn)
 c - a +0 buckler (worn)
Jewellery
 p - the ring "Beyreq" (right hand) {MP+9 Str+6 Dex-3 Slay+5 Stlth+}
   (You bought it in a shop in the Dungeon)

   [ring of strength]

   Str:       It affects your strength (+6).
   Dex:       It affects your dexterity (-3).
   Slay:      It affects your accuracy & damage with ranged weapons and melee
   (+5).
   MP:        It affects your magic capacity (+9).
   Stlth:     It makes you more stealthy.
 q - the amulet of the Castellan (around neck) {Acrobat Rampage rPois rC+++ Int-3}
   (You bought it in a shop in the Dungeon)

   [amulet of the acrobat]

   It increases your evasion while moving and waiting.
   Int:       It affects your intelligence (-3).
   rC:        It renders you almost immune to cold.
   rPois:     It protects you from poison.
   Rampage:   It bestows one free step when moving towards enemies.
 r - the ring "Keyfe" (left hand) {rN+ AC+4 Int+4}
   (You bought it in a shop in the Dungeon)

   [ring of protection]

   AC:        It affects your AC (+4).
   Int:       It affects your intelligence (+4).
   rN:        It protects you from negative energy.
Wands
 k - a wand of iceblast (5)
 l - a wand of light (5)
Scrolls
 j - 4 scrolls of blinking
 m - 3 scrolls of fog
Potions
 d - a potion of might
 e - a potion of curing
 f - 2 potions of heal wounds
 g - 4 potions of haste
 h - 2 potions of magic
 n - a potion of resistance


   Skills:
 + Level 10.5 Fighting
 + Level 12.5 Axes
 + Level 11.2 Armour
 + Level 6.4 Dodging
 + Level 11.9 Shields
 - Level 6.9 Invocations
 * Level 7.0 Evocations


You had 9 spell levels left.
You didn't know any spells.
Your spell library was empty.

Dungeon Overview and Level Annotations

Branches:
Dungeon (1/1)

Altars:
Cheibriados
Dithmenos
Fedhas
Gozag
Kikubaaqudgha
Makhleb
Okawaru
Qazlal
Ru
Sif Muna
Trog
Uskayaw
Vehumet
Wu Jian
Xom
Yredelemnul
Zin
The Shining One
Lugonu

Shops:
D *[??*?*:[((!!!!


Innate Abilities, Weirdness & Mutations

You have a pair of horns on your head.
You reflexively headbutt those who attack you in melee.


Message History

Get ready!
You start resting.
ROUND 6!
FIGHT!
You start resting.
A phantasmal warrior comes into view.
The phantasmal warrior gestures at you.
The phantasmal warrior blinks!
The phantasmal warrior gestures at you.
The phantasmal warrior blinks!
You barely miss the phantasmal warrior.
Your headbutt misses the phantasmal warrior.
You hit the phantasmal warrior but do no damage.
The phantasmal warrior hits you.
You barely miss the phantasmal warrior.
Your headbutt misses the phantasmal warrior.
You block the phantasmal warrior's attack.
You hit the phantasmal warrior but do no damage.
The phantasmal warrior hits you.
Your willpower is stripped away!
You hit the phantasmal warrior. You burn the phantasmal warrior.
The phantasmal warrior is lightly damaged.
The phantasmal warrior hits you!!
You slice the phantasmal warrior!! You burn the phantasmal warrior.
The phantasmal warrior is heavily damaged.
You block the phantasmal warrior's attack.
You slice the phantasmal warrior!! You burn the phantasmal warrior.
You headbutt the phantasmal warrior, but do no damage.
The phantasmal warrior is almost destroyed.
The phantasmal warrior hits you! The phantasmal warrior hits you!!
* * * LOW HITPOINT WARNING * * *
You hit the phantasmal warrior. You burn the phantasmal warrior.
The phantasmal warrior is almost destroyed.
You hit the phantasmal warrior but do no damage.
Your headbutt misses the phantasmal warrior.
The phantasmal warrior is almost destroyed.
You block the phantasmal warrior's attack.
You hit the phantasmal warrior but do no damage.
Your headbutt misses the phantasmal warrior.
The phantasmal warrior is almost destroyed.
The phantasmal warrior hits you!
You die...

##⌠⌠⌠## #.....# ##.....##
##∩.....∩## #∩.......∩#
#_......._# #_......._#
#_..W...._# ###...@.....###
#⌠...........⌠#
######.8.........8.######
##.__.......###......___∩##
###∩........8.# #.8........∩###
##.............###.............#
#⌠..........###...###..........⌠
#⌠..........# #.<.# #..........⌠
#⌠..........###...###.†........⌠


You could see a phantasmal warrior.

Vanquished Creatures
  An anaconda (D)
  2 rime drakes (D)
  A queen bee (D)
  An ice beast (D)
  5 killer bees (D)
  3 crimson imps (D)
  2 quasits (D)
  5 adders (D)
  A ball python (D)
  A ball python simulacrum (D)
  A giant cockroach simulacrum (D)
  A quokka simulacrum (D)
24 creatures vanquished.

Notes
Turn   | Place    | Note
-------+----------+-------------------------------------------
     0 | D        | rocky1 the Minotaur Fighter began the quest for the Orb.
     0 | D        | Reached XP level 1. HP: 19/19 MP: 0/0
     1 | D        | Found a shimmering blue altar of Sif Muna.
     1 | D        | Found an ancient bone altar of Kikubaaqudgha.
     2 | D        | Found a bloodstained altar of Trog.
     2 | D        | Found an ornate altar of the Wu Jian Council.
     3 | D        | Found an opulent altar of Gozag.
     3 | D        | Found a glowing golden altar of the Shining One.
     4 | D        | Found a shadowy altar of Dithmenos.
     4 | D        | Found an iron altar of Okawaru.
     4 | D        | Found Bahumu's Staff Store.
     4 | D        | Found Fibioleg's Magic Scroll Shop.
     5 | D        | Found Yguceiho's Must-Have Magic.
     5 | D        | Found Qamuo's Magic Scroll Shop.
     5 | D        | Round 1.
     6 | D        | Noticed a crimson imp
     7 | D        | Noticed a crimson imp
     9 | D        | Found a burning altar of Makhleb.
    20 | D        | Found Ofofem's Distillery.
    20 | D        | Found a blossoming altar of Fedhas.
    20 | D        | Found a sacrificial altar of Ru.
    20 | D        | Found Unuigaf's Do-It-Yourself Clinic.
    43 | D        | Killed a crimson imp
    44 | D        | Reached skill level 5 in Fighting
    44 | D        | Reached skill level 3 in Axes
    44 | D        | Reached skill level 5 in Armour
    44 | D        | Reached skill level 1 in Dodging
    44 | D        | Reached skill level 5 in Shields
    44 | D        | Reached XP level 2. HP: 22/29 MP: 1/1
    44 | D        | Reached XP level 3. HP: 27/36 MP: 2/2
    65 | D        | Reached skill level 4 in Axes
    65 | D        | Reached XP level 4. HP: 24/45 MP: 3/3
    71 | D        | Became a worshipper of Warmaster Okawaru
   111 | D        | Reached skill level 5 in Axes
   119 | D        | Arena points: 12 (+12) [x2]
   120 | D        | Reached XP level 5. HP: 38/52 MP: 4/4
   147 | D        | Found Loghuism's Distillery.
   148 | D        | Found Uneisurrun's Bottled Wisdom.
   171 | D        | Found a shimmering altar of Xom.
   173 | D        | Found a corrupted altar of Lugonu.
   176 | D        | Found Ilyghium's Weapon Rack.
   177 | D        | Found Atzi's Basic Armour.
   177 | D        | Found Wilereny's Miscellaneous Merchandise.
   179 | D        | Found a snail-covered altar of Cheibriados.
   179 | D        | Found a glowing silver altar of Zin.
   179 | D        | Found Erozia's Premium Goods.
   183 | D        | Round 2.
   185 | D        | Found a radiant altar of Vehumet.
   195 | D        | Reached skill level 1 in Invocations
   195 | D        | Reached skill level 1 in Evocations
   206 | D        | Arena points: 54 (+42) [x3]
   249 | D        | Round 3.
   251 | D        | Found a stormy altar of Qazlal.
   254 | D        | Found Doreo's Identification Station.
   255 | D        | Found Edez's Advanced Armour.
   255 | D        | Found Desuh's Jewellery.
   255 | D        | Found a hide-covered altar of Uskayaw.
   255 | D        | Found a basalt altar of Yredelemnul.
   255 | D        | Noticed a rime drake
   267 | D        | Killed a rime drake
   267 | D        | Reached * piety under Okawaru
   267 | D        | Reached ** piety under Okawaru
   268 | D        | Reached skill level 8 in Axes
   268 | D        | Reached XP level 6. HP: 15/62 MP: 5/7
   331 | D        | Bought a +0 broad axe for 120 gold pieces
   346 | D        | Noticed an ice beast
   351 | D        | Killed an ice beast
   352 | D        | Reached XP level 7. HP: 69/69 MP: 7/9
   364 | D        | Noticed a rime drake
   369 | D        | Killed a rime drake
   369 | D        | Arena points: 138 (+84) [x4]
   370 | D        | Reached skill level 9 in Axes
   370 | D        | Reached skill level 5 in Dodging
   370 | D        | Reached skill level 5 in Invocations
   373 | D        | Bought a bound bone ring for 45 gold pieces
   373 | D        | Identified the ring "Beyreq" {MP+9 Str+6 Dex-3 Slay+5
                  | Stlth+} (You bought it in a shop in the Dungeon)
   373 | D        | Bought a clouded steel amulet for 45 gold pieces
   373 | D        | Identified the amulet of the Castellan {Acrobat Rampage
                  | rPois rC+++ Int-3} (You bought it in a shop in the Dungeon)
   373 | D        | Bought a brightly glowing bone ring for 45 gold pieces
   373 | D        | Identified the ring "Keyfe" {rN+ AC+4 Int+4} (You bought it
                  | in a shop in the Dungeon)
   434 | D        | Round 4.
   441 | D        | Reached skill level 10 in Armour
   544 | D        | Noticed a queen bee
   548 | D        | Killed a queen bee
   549 | D        | Reached skill level 10 in Axes
   549 | D        | Reached skill level 5 in Evocations
   549 | D        | Reached XP level 8. HP: 79/79 MP: 11/11
   554 | D        | Arena points: 278 (+140) [x5]
   630 | D        | Round 5.
   633 | D        | Bought a scroll of brand weapon for 95 gold pieces
   634 | D        | Bought a scroll of brand weapon for 95 gold pieces
   637 | D        | Bought a scroll of brand weapon for 95 gold pieces
   640 | D        | Noticed a giant anaconda
   652 | D        | Noticed a black mamba
   657 | D        | Killed a giant anaconda
   657 | D        | Reached *** piety under Okawaru
   657 | D        | Arena points: 523 (+245) [x7]
   658 | D        | Reached skill level 10 in Fighting
   658 | D        | Reached skill level 11 in Axes
   658 | D        | Reached XP level 9. HP: 6/86 MP: 13/13
   660 | D        | Got a serpentine rune of Zot
   701 | D        | Reached skill level 12 in Axes
   701 | D        | Reached XP level 10. HP: 25/94 MP: 14/14
   834 | D        | Round 6.
   837 | D        | Noticed a phantasmal warrior
   849 | D        | Slain by a phantasmal warrior

Illustrated notes

Levels and vault maps discovered:
D:        arena_sprint

Skill      XL: |  1  2  3  4  5  6  7  8  9 |
---------------+----------------------------+-----
Fighting       | 5 6 7 8 9 10 | 10.5
Axes           | 3 4 5 8 10 11 12 | 12.5
Armour         | 5 6 7 9 10 11 | 11.2
Dodging        | 1 2 4 5 6 |  6.4
Shields        | 5 6 7 8 11 | 11.9
Invocations    | 3 4 5 6 |  6.9
Evocations     | 3 5 6 7 |  7.0

Action                   |  1- 3 |  4- 6 |  7- 9 | 10-12 || total
-------------------------+-------+-------+-------+-------++-------
Melee: War axe           |    39 |    41 |       |       ||    80
       Headbutt          |     4 |     2 |    10 |     1 ||    17
       Broad axe         |       |     2 |    27 |    10 ||    39
  Use: Potion            |       |     1 |     3 |       ||     4
       Scroll            |       |       |     3 |       ||     3
Armor: Scale mail        |    35 |    29 |    10 |       ||    74
Dodge: Dodged            |    25 |    22 |    14 |       ||    61
Block: Buckler           |     7 |    12 |     5 |     3 ||    27

Table legend: (Time is in decaauts)
 A = Elapsed time spent in this place.
 B = Non-inter-level travel time spent in this place.
 C = Inter-level travel time spent in this place.
 D = Time resting spent in this place.
 E = Time spent auto-exploring this place.
 F = Levels seen in this place.
 G = Mean time per level.
                   A        B        C        D        E       F      G
               +--------+--------+--------+--------+--------+-----+--------+
         Total |    887 |    883 |      4 |    346 |     25 |   1 |  887.0 |
       Dungeon |    887 |    883 |      4 |    346 |     25 |   1 |  887.0 |
               +--------+--------+--------+--------+--------+-----+--------+

Top non-repeatable levels by time:
       D: 887 daAuts
